 Dungeon Crawl Stone Soup version 0.25.0-9-g26727b657a (webtiles) character file.

Game seed: 3801325001480627631

322 Froggeryz the Ruffian (level 6, -7/37 HPs)
             Began as a Gargoyle Monk on June 19, 2020.
             Killed from afar by Natasha (9 damage)
             ... with a magic dart
             ... on level 2 of the Dungeon.
             The game lasted 00:04:35 (2180 turns).

Froggeryz the Ruffian (Gargoyle Monk)               Turns: 2180, Time: 00:04:36

Health: -7/37      AC:  0    Str: 16    XL:     6   Next: 47%
Magic:  6/6        EV: 20    Int: 11    God:
Gold:   147        SH:  0    Dex: 17    Spells: 5/5 levels left

rFire    . . .     SeeInvis .     - Unarmed
rCold    . . .     Gourm    .   (shield currently unavailable)
rNeg     + . .     Faith    .   (armour currently unavailable)
rPois    ∞         Spirit   .   (helmet currently unavailable)
rElec    .         Reflect  .   (cloak currently unavailable)
rCorr    .         Harm     .   (gloves currently unavailable)
MR       .....                  (boots currently unavailable)
Stlth    ++........             (no amulet)
HPRegen  0.12/turn              (ring currently unavailable)
MPRegen  0.10/turn              (ring currently unavailable)

@: bat-form, flying, hasted and slowed, very quick
A: tiny, negative energy resistance 1, petrification resistance, rot immunity,
AC +4
a: no special abilities


You were on level 2 of the Dungeon.
You were not hungry.
You were in bat-form.
You visited 1 branch of the dungeon, and saw 3 of its levels.

You collected 147 gold pieces.

Inventory:

Armour
 d - a +0 ring mail (melded)
 j - a +0 pair of boots (melded)
 o - a +2 pair of gloves (melded)
 s - a +0 helmet
Jewellery
 e - a ring of see invisible (melded)
Scrolls
 a - a scroll of magic mapping {unknown}
 g - a scroll of teleportation {unknown}
 i - a scroll of remove curse
 k - a scroll of blinking {unknown}
 n - a scroll of amnesia {unknown}
 t - a scroll of identify
Potions
 c - a potion of berserk rage
 f - 3 potions of might
 h - 3 potions of curing
 l - a potion of invisibility
 m - a potion of heal wounds {unknown}
 q - 2 potions of haste
 r - a potion of flight
Comestibles
 b - 5 rations
 p - a chunk of flesh


   Skills:
 - Level 3.2 Fighting
 - Level 2.4 Dodging
 - Level 2.1 Stealth
 * Level 7.1 Unarmed Combat


You had 5 spell levels left.
You didn't know any spells.
Your spell library was empty.

Dungeon Overview and Level Annotations

Branches:
Dungeon (3/15)

Altars:
Ashenzari
The Shining One

Annotations:
D:2 Natasha


Innate Abilities, Weirdness & Mutations

You are resistant to torment.
((Your stone body is resilient. (AC +4)))
You are immune to poison.
You resist negative energy. (rN+)
((You are resistant to electric shocks. (rElec)))
((You can survive without breathing.))
You are immune to petrification.
You are immune to rotting.


Message History

You hit Natasha but do no damage.
Natasha is almost dead.
Natasha casts a spell at you.
You feel yourself slow down.
You hit Natasha but do no damage.
Natasha is almost dead.
Natasha mumbles some strange words.
You feel disoriented. Natasha claws you!
* * * LOW HITPOINT WARNING * * *
You hit Natasha.
Natasha is almost dead.
Natasha mumbles some strange words.
Natasha stares at you and mumbles some strange words.
The magic dart hits you!
* * * LOW HITPOINT WARNING * * *
It was a potion of haste.
You feel yourself speed up.
Natasha stares at you and mumbles some strange words.
The magic dart hits you!
You die...

.......#..........###.##...#.##.#
.#######.........(# #..###.#.##.#
.......'..........# ##.###.#.##.#
########..........# #..##.#.##.#
#..........#####.##.#.##.#
####...........#..#.#.##.#
#........(..##.#.#.##.# ########
#...........##...#)##.# #......#
#.....b..........)....# #......#
#...................... #......#
#...h.................# #......#
#..5..................#
##......###.....................#
................................#
................##..............#
................##..............#
................##..............#


You could see Natasha and a crimson imp (summoned).

Vanquished Creatures
  A necrophage (D:3)
  An iguana (D:3)
  Natasha (twice) (D:2)
  A killer bee zombie (D:2)
  4 gnolls (D:2)
  3 adders (D:2)
  2 worms
  6 dart slugs
  A leopard gecko (D:2)
  A giant cockroach (D:2)
  9 goblins
  7 hobgoblins
  3 jackals (D:1)
  2 quokkas (D:3)
  5 bats
  10 frilled lizards
  3 kobolds
  5 rats
66 creatures vanquished.

Notes
Turn   | Place    | Note
-------+----------+-------------------------------------------
     0 | D:1      | Froggeryz the Gargoyle Monk began the quest for the Orb.
     0 | D:1      | Reached XP level 1. HP: 14/14 MP: 1/1
    87 | D:1      | Reached XP level 2. HP: 19/19 MP: 2/2
   336 | D:1      | Reached skill level 4 in Unarmed Combat
   477 | D:1      | Reached XP level 3. HP: 23/23 MP: 3/3
   996 | D:2      | You fall into a shaft and drop 1 floor!
   997 | D:3      | Noticed a necrophage
  1020 | D:3      | Killed a necrophage
  1020 | D:3      | Reached skill level 5 in Unarmed Combat
  1020 | D:3      | Reached XP level 4. HP: 21/28 MP: 4/4
  1020 | D:3      | Reached XP level 5. HP: 24/32 MP: 5/5
  1109 | D:3      | Found a glowing golden altar of the Shining One.
  1219 | D:3      | Reached skill level 6 in Unarmed Combat
  1512 | D:2      | Noticed Natasha
  1569 | D:2      | Reached XP level 6. HP: 36/37 MP: 6/6
  1587 | D:2      | Found a shattered altar of Ashenzari.
  1831 | D:2      | Killed Natasha
  1988 | D:2      | Noticed Natasha
  1998 | D:2      | Killed Natasha
  1998 | D:2      | Reached skill level 7 in Unarmed Combat
  2159 | D:2      | Noticed Natasha
  2180 | D:2      | Killed from afar by Natasha

Illustrated notes

Levels and vault maps discovered:
D:1:      lightli_iron_boxes, layout_basic, serial_glass, glass_columns_b,
          glass_columns_c, feat_on_display
D:2:      layout_basic, ashenzari_altar_1, serial_rivers,
          chequers_serial_rivers_micro_b, chequers_serial_rivers_small_a,
          chequers_serial_rivers_room_a, chequers_serial_rivers_small_b,
          chequers_serial_rivers_micro_d, minmay_increasing_density,
          uniq_natasha
D:3:      layout_rooms, lemuel_coloured_pillars_altar, first_ration,
          minivault_25

Skill      XL: |  1  2  3  4  5  6 |
---------------+-------------------+-----
Unarmed Combat | 4 5 6 7 |  7.1
Fighting       | |  3.2
Dodging        | |  2.4
Stealth        | |  2.1

Action                   |  1- 3 |  4- 6 || total
-------------------------+-------+-------++-------
Melee: Unarmed           |   131 |   154 ||   285
       Punch             |     2 |       ||     2
  Use: Potion            |     1 |     1 ||     2
       Scroll            |       |     6 ||     6
  Eat: Chunk             |       |     4 ||     4
Armor: Ring mail         |    56 |    68 ||   124
       Robe              |     1 |       ||     1
Dodge: Dodged            |    71 |   107 ||   178
